Sabres vs Predators
(R1)
Created - 22 février 2014 at 22:57
Goals
|
| Sabres |
1 |
1 |
1 |
3 |
| Predators |
0 |
1 |
1 |
2 |
|
Shots
|
| Sabres |
7 |
20 |
7 |
34 |
| Predators |
14 |
9 |
7 |
30 |
|
1st period
1. Sabres , Johnny Boychuk 5 (Craig Rivet, Ty Conklin) at 19:51
Penalties :
Oleg Saprykin (Nas) for Roughing (Minor) at 0:56, Alexander Ovechkin (Nas) for Hooking (Minor) at 14:55
2nd period
2. Sabres , Boyd Devereaux 10 (Richard Zednik, Mats Sundin) at 14:15
3. Predators , Ryan Mcdonagh 3 (Joe Thornton) at 14:19
Penalties :
Joe Thornton (Nas) for Holding (Minor) at 0:18, Derick Brassard (Buf) for Tripping (Minor) at 3:28, Joe Thornton (Nas) for Cross-checking (Minor) at 6:57
3rd period
4. Sabres , Niclas Bergfors 30 (James Neal, Ty Conklin) at 16:58 (PP)
5. Predators , Jean-Pierre Dumont 16 (Mike Cammalleri) at 18:14
Penalties :
Michael Grabner (Nas) for Slashing (Double Minor) at 4:37, Ryan Hollweg (Buf) for Tripping (Minor) at 10:01, Oleg Saprykin (Nas) for Hooking (Minor) at 16:31
Goalie Stats
Ty Conklin (Buf), 28 saves from 30 shots - (0,933), W, 12-13-2, 60:00 minutes
Kari Lehtonen (Nas), 31 saves from 34 shots - (0,912), L, 24-15-5, 59:11 minutes
Players Stats for Sabres
Player Name G A P +/- PIM S H SB GA TA FO MP PP MP PK MP
------------------------------------------------------------------------------------
Boyd Devereaux 1 0 1 1 0 3 1 0 0 0 4/8 10:00 0:10 1:28
Craig Rivet 0 1 1 1 0 0 3 0 0 0 0/0 25:43 7:33 1:38
Curtis Glencross 0 0 0 1 0 2 0 0 1 1 0/0 8:47 0:10 1:01
Derick Brassard 0 0 0 -2 2 4 4 0 1 1 19/30 20:39 6:25 0:00
Dominic Moore 0 0 0 0 0 2 1 0 0 0 5/12 13:50 0:00 2:09
James Neal 0 1 1 0 0 1 0 2 1 0 0/2 16:22 6:30 0:02
Jason Smith 0 0 0 -1 0 2 1 3 0 0 0/0 23:12 4:43 2:20
Johnny Boychuk 1 0 1 1 0 2 1 1 0 1 0/0 25:13 7:30 1:38
Kyle Calder 0 0 0 1 0 3 1 0 0 0 0/2 11:27 0:49 0:00
Ladislav Smid 0 0 0 0 0 0 0 3 0 0 0/0 10:59 0:00 0:00
Mats Sundin 0 1 1 1 0 0 1 0 0 0 4/9 18:58 5:07 2:09
Nathan Paetsch 0 0 0 0 0 0 0 1 0 0 0/0 11:41 0:15 0:00
Niclas Bergfors 1 0 1 -2 0 8 1 1 1 1 1/1 19:59 6:25 0:00
Ole-Kristian Tollefsen 0 0 0 -1 0 0 1 1 0 1 0/0 23:12 4:43 2:20
Peter Prucha 0 0 0 0 0 1 1 0 0 0 0/0 11:48 0:50 0:00
Richard Zednik 0 1 1 1 0 3 0 0 1 0 0/0 8:49 0:29 0:00
Ryan Hollweg 0 0 0 -2 2 2 2 1 0 0 0/3 19:02 5:04 0:00
Steve Downie 0 0 0 1 0 1 1 1 1 0 0/0 16:19 5:07 1:07
Players Stats for Predators
Player Name G A P +/- PIM S H SB GA TA FO MP PP MP PK MP
------------------------------------------------------------------------------------
Alexander Edler 0 0 0 0 0 1 1 1 2 0 0/0 23:59 2:15 6:09
Alexander Ovechkin 0 0 0 1 2 4 2 2 1 0 1/3 22:31 2:20 4:51
Alexander Steen 0 0 0 0 0 6 1 1 1 1 1/3 15:53 1:38 1:58
Barret Jackman 0 0 0 0 0 0 0 0 0 0 0/0 10:08 0:00 0:05
Jean-Pierre Dumont 1 0 1 0 0 3 2 1 1 0 1/1 17:59 1:38 0:00
Joe Thornton 0 1 1 1 4 2 1 0 0 1 13/26 21:21 2:20 4:02
Keith Tkachuk 0 0 0 0 0 0 0 0 0 0 0/0 5:32 0:00 0:00
Kent Huskins 0 0 0 0 0 0 0 0 0 0 0/0 9:12 0:00 0:08
Kurtis Foster 0 0 0 1 0 0 1 1 0 1 0/0 21:15 1:43 6:08
Michael Grabner 0 0 0 1 4 1 1 0 0 1 0/0 14:14 0:00 0:00
Mikael Samuelsson 0 0 0 -1 0 1 0 0 0 0 0/0 11:41 0:00 0:00
Mike Cammalleri 0 1 1 0 0 5 1 2 0 0 16/25 24:30 2:20 5:25
Nick Boynton 0 0 0 -1 0 0 0 0 0 0 0/0 5:39 0:00 0:00
Oleg Saprykin 0 0 0 -1 4 1 1 0 0 0 0/0 16:52 1:38 3:38
Paul Mara 0 0 0 -1 0 0 0 0 0 0 0/0 5:39 0:00 0:00
Rob Niedermayer 0 0 0 -1 0 1 1 1 0 0 2/9 16:52 0:00 4:43
Robyn Regehr 0 0 0 0 0 0 1 1 0 1 0/0 22:58 2:15 6:09
Ryan Mcdonagh 1 0 1 1 0 5 0 0 0 1 0/0 21:17 1:43 6:12
3 Stars
1 - Johnny Boychuk (Buf)
2 - Boyd Devereaux (Buf)
3 - Jean-Pierre Dumont (Nas)
Power Play
Sabres - 1 on 7 Attempt(s) - 14,29%
Predators - 0 on 2 Attempt(s) - 0,00%
Penalty Kill
Sabres - 2 on 2 Attempt(s) - 100,00%
- Score 0 goal in Penalty Kill
Predators - 6 on 7 Attempt(s) - 85,71%
- Score 0 goal in Penalty Kill
Official
Referees : Furlatt Eric and Leggo Mike
Linesman : Tim Nowak and Brian Mach
Game Notes
No Game Note
Finance
Level 1 -- Attendance: 5296 (88,27%) -- Ticket Income 460 752 $
Level 2 -- Attendance: 4596 (91,92%) -- Ticket Income 234 396 $
Level 3 -- Attendance: 1838 (91,90%) -- Ticket Income 56 978 $
Level 4 -- Attendance: 2765 (69,13%) -- Ticket Income 58 065 $
Luxury Box -- Attendance: 927 (92,70%) -- Ticket Income 156 663 $
Game was played at the Wildcat center
Total Attendance: 15422 (85,68%)
Total Ticket Income: 966 854 $
Other Income: 145 028 $
Total Income: 1 111 882 $
Sabres
5 vs 5 Forward
Center Left Wing Right Wing Time % Phy DF OF
1 Derick Brassard Ryan Hollweg Niclas Bergfors 40 1 2 2
2 Mats Sundin Kyle Calder Steve Downie 30 1 3 1
3 Dominic Moore James Neal Peter Prucha 20 1 3 1
4 Boyd Devereaux Curtis Glencross Richard Zednik 10 1 3 1
5 vs 5 Defense
Defense Defense Time % Phy DF OF
1 Ole-Kristian Tollefsen Jason Smith 35 1 3 1
2 Johnny Boychuk Craig Rivet 35 1 3 1
3 Ladislav Smid Nathan Paetsch 20 1 3 1
4 Ole-Kristian Tollefsen Jason Smith 10 1 1 3
PowerPlay Forward
Center Left Wing Right Wing Time % Phy DF OF
1 Derick Brassard James Neal Niclas Bergfors 60 0 1 4
2 Mats Sundin Ryan Hollweg Steve Downie 40 2 0 3
PowerPlay Defense
Defense Defense Time % Phy DF OF
1 Johnny Boychuk Craig Rivet 60 1 1 3
2 Ole-Kristian Tollefsen Jason Smith 40 1 1 3
Penalty Kill 4 Players Forward
Center Wing Time % Phy DF OF
1 Dominic Moore Mats Sundin 60 1 3 1
2 Boyd Devereaux Steve Downie 40 1 4 0
Penalty Kill 4 Players Defense
Defense Defense Time % Phy DF OF
1 Ole-Kristian Tollefsen Jason Smith 60 1 4 0
2 Johnny Boychuk Craig Rivet 40 1 4 0
Penalty Kill - 3 Players Forward
Forward Time % Phy DF OF
1 Dominic Moore 60 0 5 0
2 Boyd Devereaux 40 0 5 0
Penalty Kill - 3 Players Defense
Defense Defense Time % Phy DF OF
1 Ole-Kristian Tollefsen Jason Smith 60 1 4 0
2 Johnny Boychuk Craig Rivet 40 1 4 0
4 vs 4 Forward
Center Wing Time % Phy DF OF
1 Boyd Devereaux Niclas Bergfors 60 0 3 2
2 Dominic Moore Steve Downie 40 1 3 1
4 vs 4 Defense
Defense Defense Time % Phy DF OF
1 Johnny Boychuk Craig Rivet 60 1 3 1
2 Ole-Kristian Tollefsen Jason Smith 40 1 3 1
Last Minutes Offensive
Center Left Wing Right Wing Defense Defense
Derick Brassard Mats Sundin Niclas Bergfors Ole-Kristian Tollefsen Jason Smith
Last Minutes Defensive
Center Left Wing Right Wing Defense Defense
Dominic Moore Boyd Devereaux Mats Sundin Ole-Kristian Tollefsen Jason Smith
Goaltenders
Starting : Ty Conklin
Backup : Mike Brodeur
Extra Forwards
Normal : Niclas Bergfors, Ryan Hollweg, Dominic Moore - PP : Kyle Calder, Peter Prucha - PK : Steve Downie
Extra Defensemen
Normal : Nathan Paetsch, Ladislav Smid, Johnny Boychuk - PP : Nathan Paetsch - PK : Ladislav Smid, Nathan Paetsch
Penalty Shots
Peter Prucha, Niclas Bergfors, Mats Sundin, Dominic Moore, Boyd Devereaux
Predators
5 vs 5 Forward
Center Left Wing Right Wing Time % Phy DF OF
1 Joe Thornton Alexander Ovechkin Michael Grabner 40 1 2 2
2 Mike Cammalleri Alexander Steen Jean-Pierre Dumont 30 1 2 2
3 Rob Niedermayer Oleg Saprykin Mikael Samuelsson 20 1 2 2
4 Mike Cammalleri Keith Tkachuk Jean-Pierre Dumont 10 1 2 2
5 vs 5 Defense
Defense Defense Time % Phy DF OF
1 Alexander Edler Robyn Regehr 36 1 2 2
2 Kurtis Foster Ryan Mcdonagh 34 1 2 2
3 Barret Jackman Kent Huskins 18 1 2 2
4 Paul Mara Nick Boynton 12 1 2 2
PowerPlay Forward
Center Left Wing Right Wing Time % Phy DF OF
1 Joe Thornton Alexander Ovechkin Mike Cammalleri 50 1 2 2
2 Oleg Saprykin Alexander Steen Jean-Pierre Dumont 50 1 2 2
PowerPlay Defense
Defense Defense Time % Phy DF OF
1 Alexander Edler Robyn Regehr 50 1 2 2
2 Kurtis Foster Ryan Mcdonagh 50 1 2 2
Penalty Kill 4 Players Forward
Center Wing Time % Phy DF OF
1 Joe Thornton Alexander Ovechkin 50 1 2 2
2 Mike Cammalleri Oleg Saprykin 50 1 2 2
Penalty Kill 4 Players Defense
Defense Defense Time % Phy DF OF
1 Alexander Edler Robyn Regehr 50 1 2 2
2 Kurtis Foster Ryan Mcdonagh 50 1 2 2
Penalty Kill - 3 Players Forward
Forward Time % Phy DF OF
1 Alexander Ovechkin 50 1 2 2
2 Joe Thornton 50 1 2 2
Penalty Kill - 3 Players Defense
Defense Defense Time % Phy DF OF
1 Alexander Edler Robyn Regehr 50 1 2 2
2 Kurtis Foster Ryan Mcdonagh 50 1 2 2
4 vs 4 Forward
Center Wing Time % Phy DF OF
1 Joe Thornton Alexander Ovechkin 50 1 2 2
2 Mike Cammalleri Oleg Saprykin 50 1 2 2
4 vs 4 Defense
Defense Defense Time % Phy DF OF
1 Alexander Edler Robyn Regehr 50 1 2 2
2 Kurtis Foster Ryan Mcdonagh 50 1 2 2
Last Minutes Offensive
Center Left Wing Right Wing Defense Defense
Mike Cammalleri Alexander Ovechkin Joe Thornton Alexander Edler Kurtis Foster
Last Minutes Defensive
Center Left Wing Right Wing Defense Defense
Joe Thornton Alexander Ovechkin Jean-Pierre Dumont Ryan Mcdonagh Robyn Regehr
Goaltenders
Starting : Kari Lehtonen
Backup : Josh Tordjman
Extra Forwards
Normal : Mike Cammalleri, Alexander Steen, Joe Thornton - PP : Alexander Steen, Mike Cammalleri - PK : Rob Niedermayer
Extra Defensemen
Normal : Barret Jackman, Ryan Mcdonagh, Kent Huskins - PP : Barret Jackman - PK : Kent Huskins, Ryan Mcdonagh
Penalty Shots
Alexander Ovechkin, Joe Thornton, Mike Cammalleri, Michael Grabner, Alexander Steen
% Time on Ice - Sabres
Lines # - Real PCT - Wanted PCT - Time Play
Normal Forward
1 - 36% - 40% - 15:17
2 - 23% - 30% - 10:01
3 - 23% - 20% - 10:00
4 - 17% - 10% - 7:22
Normal Defense
1 - 35% - 35% - 14:54
2 - 37% - 35% - 15:37
3 - 26% - 20% - 10:59
4 - 3% - 10% - 1:10
PP Forward
1 - 56% - 60% - 6:55
2 - 44% - 40% - 5:27
PP Defense
1 - 62% - 60% - 7:39
2 - 38% - 40% - 4:43
PK Forward
1 - 81% - 60% - 3:12
2 - 19% - 40% - 0:46
PK Defense
1 - 59% - 60% - 2:20
2 - 41% - 40% - 1:38
PK3 Forward
1 - 0% - 60%
2 - 0% - 40%
PK3 Defense
1 - 0% - 60%
2 - 0% - 40%
44 Forward
1 - 0% - 60%
2 - 0% - 40%
44 Defense
1 - 0% - 60%
2 - 0% - 40%
Last Minute Offensive - 0:00
Last Minute Defensive - 1:00
Total
Forward - 60:00
Defense - 60:00
|
% Time on Ice - Predators
Lines # - Real PCT - Wanted PCT - Time Play
Normal Forward
1 - 34% - 40% - 14:27
2 - 26% - 30% - 10:59
3 - 27% - 20% - 11:41
4 - 13% - 10% - 5:32
Normal Defense
1 - 34% - 36% - 14:41
2 - 31% - 34% - 13:24
3 - 21% - 18% - 8:55
4 - 13% - 12% - 5:39
PP Forward
1 - 59% - 50% - 2:20
2 - 41% - 50% - 1:38
PP Defense
1 - 57% - 50% - 2:15
2 - 43% - 50% - 1:43
PK Forward
1 - 53% - 50% - 6:36
2 - 47% - 50% - 5:46
PK Defense
1 - 50% - 50% - 6:14
2 - 50% - 50% - 6:08
PK3 Forward
1 - 0% - 50%
2 - 0% - 50%
PK3 Defense
1 - 0% - 50%
2 - 0% - 50%
44 Forward
1 - 0% - 50%
2 - 0% - 50%
44 Defense
1 - 0% - 50%
2 - 0% - 50%
Last Minute Offensive - 1:01
Last Minute Defensive - 0:00
Total
Forward - 60:00
Defense - 60:00
|
Play by Play
1st period
0:01 of 1st period - Joe Thornton wins face-off versus Derick Brassard in neutral zone.
0:06 of 1st period - Jason Smith is hit by Alexander Edler and loses puck.
0:30 of 1st period - Wrist shot by Mats Sundin.
0:30 of 1st period - Shot Misses the Net.
0:32 of 1st period - Snap shot by Kyle Calder.
0:32 of 1st period - Stopped by Kari Lehtonen without a rebound.
0:33 of 1st period - Rob Niedermayer wins face-off versus Dominic Moore in Predators zone.
0:33 of 1st period - Rob Niedermayer is hit by Dominic Moore.
0:56 of 1st period - Minor Penalty to Oleg Saprykin for Roughing.
0:57 of 1st period - Joe Thornton wins face-off versus Derick Brassard in Predators zone.
2:24 of 1st period - Alexander Ovechkin is hit by Derick Brassard and loses puck.
2:56 of 1st period - Penalty to Oleg Saprykin is over, Oleg Saprykin is back on ice.
4:14 of 1st period - Paul Mara is hit by Niclas Bergfors and loses puck.
5:03 of 1st period - Wrist shot by James Neal.
5:03 of 1st period - Stopped by Kari Lehtonen without a rebound.
5:04 of 1st period - Dominic Moore wins face-off versus Rob Niedermayer in Predators zone.
6:23 of 1st period - Rob Niedermayer is hit by Ryan Hollweg and loses puck.
6:54 of 1st period - Jason Smith is hit by Jean-Pierre Dumont and loses puck.
7:54 of 1st period - Icing by Craig Rivet.
7:55 of 1st period - Jean-Pierre Dumont wins face-off versus Dominic Moore in Sabres zone.
7:56 of 1st period - Snap shot by Alexander Steen.
7:56 of 1st period - Stopped by Ty Conklin without a rebound.
7:57 of 1st period - Mike Cammalleri wins face-off versus Dominic Moore in Sabres zone.
7:58 of 1st period - Wrist shot by Jean-Pierre Dumont.
7:58 of 1st period - Deflect By Mike Cammalleri.
7:58 of 1st period - Shot Misses the Net.
7:58 of 1st period - Puck is out of play.
7:59 of 1st period - Mike Cammalleri wins face-off versus Dominic Moore in Sabres zone.
8:00 of 1st period - Snap shot by Jean-Pierre Dumont.
8:00 of 1st period - Shot Blocked by Ladislav Smid.
8:12 of 1st period - Snap shot by James Neal.
8:12 of 1st period - Deflect By Jean-Pierre Dumont.
8:12 of 1st period - Shot Blocked by Alexander Steen.
8:12 of 1st period - Puck is out of play.
8:13 of 1st period - Derick Brassard wins face-off versus Joe Thornton in Predators zone.
8:14 of 1st period - Snap shot by Ryan Hollweg.
8:14 of 1st period - Stopped by Kari Lehtonen without a rebound.
8:15 of 1st period - Joe Thornton wins face-off versus Derick Brassard in Predators zone.
8:32 of 1st period - Snap shot by Joe Thornton.
8:32 of 1st period - Shot Blocked by Jason Smith.
9:10 of 1st period - Mats Sundin is hit by Alexander Steen and loses puck.
9:34 of 1st period - Off-side.
9:35 of 1st period - Dominic Moore wins face-off versus Joe Thornton in neutral zone.
10:17 of 1st period - Snap shot by Joe Thornton.
10:17 of 1st period - Stopped by Ty Conklin with a rebound.
10:35 of 1st period - Slapshot by James Neal.
10:35 of 1st period - Shot Misses the Net.
10:41 of 1st period - Dominic Moore is hit by Michael Grabner and loses puck.
11:21 of 1st period - Snap shot by Joe Thornton.
11:21 of 1st period - Shot Misses the Net.
11:23 of 1st period - Wrist shot by Alexander Ovechkin.
11:23 of 1st period - Shot Blocked by Nathan Paetsch.
11:25 of 1st period - Wrist shot by Alexander Ovechkin.
11:25 of 1st period - Shot Blocked by James Neal.
11:27 of 1st period - Snap shot by Alexander Ovechkin.
11:27 of 1st period - Stopped by Ty Conklin with a rebound.
11:29 of 1st period - Snap shot by Joe Thornton.
11:29 of 1st period - Shot Blocked by Ladislav Smid.
11:31 of 1st period - Slapshot by Joe Thornton.
11:31 of 1st period - Deflect By Michael Grabner.
11:31 of 1st period - Stopped by Ty Conklin without a rebound.
11:32 of 1st period - Mike Cammalleri wins face-off versus Ryan Hollweg in Sabres zone.
11:33 of 1st period - Snap shot by Alexander Steen.
11:33 of 1st period - Stopped by Ty Conklin with a rebound.
11:35 of 1st period - Wrist shot by Jean-Pierre Dumont.
11:35 of 1st period - Stopped by Ty Conklin with a rebound.
11:37 of 1st period - Slapshot by Ryan Mcdonagh.
11:37 of 1st period - Stopped by Ty Conklin with a rebound.
11:39 of 1st period - Snap shot by Ryan Mcdonagh.
11:39 of 1st period - Deflect By Niclas Bergfors.
11:39 of 1st period - Stopped by Ty Conklin with a rebound.
11:41 of 1st period - Snap shot by Mike Cammalleri.
11:41 of 1st period - Shot Misses the Net.
11:43 of 1st period - Snap shot by Alexander Steen.
11:43 of 1st period - Stopped by Ty Conklin without a rebound.
11:44 of 1st period - Mike Cammalleri wins face-off versus Ryan Hollweg in Sabres zone.
11:53 of 1st period - Snap shot by Alexander Steen.
11:53 of 1st period - Shot Blocked by Ryan Hollweg.
11:57 of 1st period - Snap shot by Alexander Steen.
11:57 of 1st period - Stopped by Ty Conklin without a rebound.
11:58 of 1st period - Mats Sundin wins face-off versus Mike Cammalleri in Sabres zone.
12:32 of 1st period - Slapshot by Alexander Edler.
12:32 of 1st period - Stopped by Ty Conklin without a rebound.
12:33 of 1st period - Derick Brassard wins face-off versus Rob Niedermayer in Sabres zone.
12:38 of 1st period - Snap shot by Derick Brassard.
12:38 of 1st period - Stopped by Kari Lehtonen without a rebound.
12:39 of 1st period - Derick Brassard wins face-off versus Rob Niedermayer in Predators zone.
12:40 of 1st period - Snap shot by Niclas Bergfors.
12:40 of 1st period - Shot Misses the Net.
12:42 of 1st period - Snap shot by Johnny Boychuk.
12:42 of 1st period - Shot Misses the Net.
12:44 of 1st period - Snap shot by Johnny Boychuk.
12:44 of 1st period - Deflect By Niclas Bergfors.
12:44 of 1st period - Shot Misses the Net.
12:44 of 1st period - Puck is out of play.
12:45 of 1st period - Mike Cammalleri wins face-off versus Derick Brassard in Predators zone.
12:45 of 1st period - Mike Cammalleri is hit by Ryan Hollweg.
12:51 of 1st period - Snap shot by Niclas Bergfors.
12:51 of 1st period - Stopped by Kari Lehtonen without a rebound.
12:52 of 1st period - Derick Brassard wins face-off versus Mike Cammalleri in Predators zone.
13:27 of 1st period - Snap shot by Jean-Pierre Dumont.
13:27 of 1st period - Shot Misses the Net.
13:47 of 1st period - Wrist shot by Joe Thornton.
13:47 of 1st period - Stopped by Ty Conklin without a rebound.
13:48 of 1st period - Niclas Bergfors wins face-off versus Joe Thornton in Sabres zone.
14:15 of 1st period - Steve Downie is hit by Oleg Saprykin and loses puck.
14:34 of 1st period - Snap shot by Richard Zednik.
14:34 of 1st period - Shot Blocked by Jean-Pierre Dumont.
14:36 of 1st period - Slapshot by Jason Smith.
14:36 of 1st period - Shot Misses the Net.
14:38 of 1st period - Slapshot by Jason Smith.
14:38 of 1st period - Stopped by Kari Lehtonen without a rebound.
14:39 of 1st period - Alexander Ovechkin wins face-off versus Boyd Devereaux in Predators zone.
14:55 of 1st period - Minor Penalty to Alexander Ovechkin for Hooking.
14:56 of 1st period - Joe Thornton wins face-off versus James Neal in Predators zone.
15:11 of 1st period - Wrist shot by Derick Brassard.
15:11 of 1st period - Shot Misses the Net.
16:55 of 1st period - Penalty to Alexander Ovechkin is over, Alexander Ovechkin is back on ice.
16:55 of 1st period - Alexander Edler is hit by Johnny Boychuk and loses puck.
17:08 of 1st period - Snap shot by Alexander Steen.
17:08 of 1st period - Stopped by Ty Conklin with a rebound.
17:22 of 1st period - Snap shot by Alexander Ovechkin.
17:22 of 1st period - Shot Misses the Net.
17:24 of 1st period - Snap shot by Rob Niedermayer.
17:24 of 1st period - Stopped by Ty Conklin with a rebound.
17:26 of 1st period - Slapshot by Robyn Regehr.
17:26 of 1st period - Shot Blocked by Ladislav Smid.
17:56 of 1st period - Oleg Saprykin is hit by Steve Downie and loses puck.
19:40 of 1st period - Michael Grabner is hit by Craig Rivet and loses puck.
19:51 of 1st period - Slapshot by Johnny Boychuk.
19:51 of 1st period - Goal by Johnny Boychuk - Sabres : 1 - Predators : 0.
19:52 of 1st period - Derick Brassard wins face-off versus Joe Thornton in neutral zone.
19:52 of 1st period - Niclas Bergfors is hit by Alexander Ovechkin and loses puck.
Goals for this period are 1 for Sabres vs 0 for Predators.
Shots for this period are 7 for Sabres vs 14 for Predators.
2nd period
0:01 of 2nd period - Derick Brassard wins face-off versus Mike Cammalleri in neutral zone.
0:08 of 2nd period - Snap shot by Ryan Hollweg.
0:08 of 2nd period - Shot Blocked by Kurtis Foster.
0:10 of 2nd period - Backhand shot by Niclas Bergfors.
0:10 of 2nd period - Shot Blocked by Mike Cammalleri.
0:12 of 2nd period - Snap shot by Ryan Hollweg.
0:12 of 2nd period - Shot Misses the Net.
0:14 of 2nd period - Slapshot by Derick Brassard.
0:14 of 2nd period - Stopped by Kari Lehtonen without a rebound.
0:15 of 2nd period - Joe Thornton wins face-off versus Kyle Calder in Predators zone.
0:15 of 2nd period - Joe Thornton is hit by Craig Rivet.
0:18 of 2nd period - Minor Penalty to Joe Thornton for Holding.
0:19 of 2nd period - Derick Brassard wins face-off versus Mike Cammalleri in Predators zone.
2:18 of 2nd period - Penalty to Joe Thornton is over, Joe Thornton is back on ice.
2:19 of 2nd period - Off-side.
2:20 of 2nd period - Joe Thornton wins face-off versus Kyle Calder in neutral zone.
2:35 of 2nd period - Snap shot by Richard Zednik.
2:35 of 2nd period - Shot Misses the Net.
3:01 of 2nd period - Rob Niedermayer is hit by Peter Prucha.
3:19 of 2nd period - Wrist shot by Richard Zednik.
3:19 of 2nd period - Stopped by Kari Lehtonen without a rebound.
3:20 of 2nd period - Mike Cammalleri wins face-off versus Derick Brassard in Predators zone.
3:28 of 2nd period - Minor Penalty to Derick Brassard for Tripping.
3:29 of 2nd period - Dominic Moore wins face-off versus Joe Thornton in Sabres zone.
4:14 of 2nd period - Snap shot by Steve Downie.
4:14 of 2nd period - Stopped by Kari Lehtonen without a rebound.
4:15 of 2nd period - Joe Thornton wins face-off versus Dominic Moore in Predators zone.
4:39 of 2nd period - Oleg Saprykin is hit by Boyd Devereaux and loses puck.
5:28 of 2nd period - Penalty to Derick Brassard is over, Derick Brassard is back on ice.
6:00 of 2nd period - Snap shot by Dominic Moore.
6:00 of 2nd period - Stopped by Kari Lehtonen with a rebound.
6:08 of 2nd period - Backhand shot by Dominic Moore.
6:08 of 2nd period - Stopped by Kari Lehtonen without a rebound.
6:09 of 2nd period - Mike Cammalleri wins face-off versus Boyd Devereaux in Predators zone.
6:12 of 2nd period - Snap shot by Boyd Devereaux.
6:12 of 2nd period - Shot Blocked by Mike Cammalleri.
6:14 of 2nd period - Wrist shot by Curtis Glencross.
6:14 of 2nd period - Stopped by Kari Lehtonen without a rebound.
6:15 of 2nd period - Boyd Devereaux wins face-off versus Alexander Steen in Predators zone.
6:16 of 2nd period - Snap shot by Curtis Glencross.
6:16 of 2nd period - Shot Misses the Net.
6:18 of 2nd period - Slapshot by Craig Rivet.
6:18 of 2nd period - Deflect By Curtis Glencross.
6:18 of 2nd period - Shot Blocked by Robyn Regehr.
6:18 of 2nd period - Puck is out of play.
6:19 of 2nd period - Boyd Devereaux wins face-off versus Mike Cammalleri in Predators zone.
6:24 of 2nd period - Wrist shot by Richard Zednik.
6:24 of 2nd period - Stopped by Kari Lehtonen with a rebound.
6:34 of 2nd period - Wrist shot by Richard Zednik.
6:34 of 2nd period - Stopped by Kari Lehtonen without a rebound.
6:35 of 2nd period - Joe Thornton wins face-off versus Ryan Hollweg in Predators zone.
6:35 of 2nd period - Joe Thornton is hit by Craig Rivet.
6:57 of 2nd period - Minor Penalty to Joe Thornton for Cross-checking.
6:58 of 2nd period - Mike Cammalleri wins face-off versus Derick Brassard in Predators zone.
6:58 of 2nd period - Mike Cammalleri is hit by Derick Brassard.
7:08 of 2nd period - Wrist shot by Niclas Bergfors.
7:08 of 2nd period - Stopped by Kari Lehtonen with a rebound.
7:10 of 2nd period - Slapshot by Johnny Boychuk.
7:10 of 2nd period - Shot Blocked by Alexander Ovechkin.
7:12 of 2nd period - Wrist shot by Niclas Bergfors.
7:12 of 2nd period - Stopped by Kari Lehtonen without a rebound.
7:13 of 2nd period - Derick Brassard wins face-off versus Mike Cammalleri in Predators zone.
7:46 of 2nd period - Snap shot by Mats Sundin.
7:46 of 2nd period - Shot Blocked by Alexander Edler.
8:44 of 2nd period - Niclas Bergfors is hit by Rob Niedermayer and loses puck.
8:57 of 2nd period - Penalty to Joe Thornton is over, Joe Thornton is back on ice.
9:09 of 2nd period - Wrist shot by Alexander Ovechkin.
9:09 of 2nd period - Stopped by Ty Conklin without a rebound.
9:10 of 2nd period - Mike Cammalleri wins face-off versus Boyd Devereaux in Sabres zone.
9:15 of 2nd period - Wrist shot by Alexander Steen.
9:15 of 2nd period - Shot Misses the Net.
9:17 of 2nd period - Slapshot by Jean-Pierre Dumont.
9:17 of 2nd period - Shot Misses the Net.
9:19 of 2nd period - Snap shot by Jean-Pierre Dumont.
9:19 of 2nd period - Shot Misses the Net.
9:21 of 2nd period - Slapshot by Paul Mara.
9:21 of 2nd period - Shot Blocked by Jason Smith.
9:31 of 2nd period - Slapshot by Jason Smith.
9:31 of 2nd period - Stopped by Kari Lehtonen with a rebound.
10:15 of 2nd period - Wrist shot by Mike Cammalleri.
10:15 of 2nd period - Stopped by Ty Conklin without a rebound.
10:16 of 2nd period - Mike Cammalleri wins face-off versus Dominic Moore in Sabres zone.
11:34 of 2nd period - Wrist shot by Boyd Devereaux.
11:34 of 2nd period - Stopped by Kari Lehtonen without a rebound.
11:35 of 2nd period - Joe Thornton wins face-off versus Boyd Devereaux in Predators zone.
11:40 of 2nd period - Wrist shot by Alexander Ovechkin.
11:40 of 2nd period - Deflect By Joe Thornton.
11:40 of 2nd period - Shot Misses the Net.
11:40 of 2nd period - Puck is out of play.
11:41 of 2nd period - Joe Thornton wins face-off versus Mats Sundin in Sabres zone.
11:56 of 2nd period - Wrist shot by Alexander Ovechkin.
11:56 of 2nd period - Stopped by Ty Conklin with a rebound.
12:36 of 2nd period - Wrist shot by Mikael Samuelsson.
12:36 of 2nd period - Deflect By Peter Prucha.
12:36 of 2nd period - Shot Blocked by James Neal.
12:36 of 2nd period - Puck is out of play.
12:37 of 2nd period - Mats Sundin wins face-off versus Joe Thornton in Sabres zone.
13:52 of 2nd period - Barret Jackman is hit by Kyle Calder and loses puck.
14:15 of 2nd period - Snap shot by Boyd Devereaux.
14:15 of 2nd period - Goal by Boyd Devereaux - Sabres : 2 - Predators : 0.
14:16 of 2nd period - Joe Thornton wins face-off versus Derick Brassard in neutral zone.
14:19 of 2nd period - Slapshot by Ryan Mcdonagh.
14:19 of 2nd period - Deflect By Jason Smith.
14:19 of 2nd period - Goal by Ryan Mcdonagh - Sabres : 2 - Predators : 1.
14:20 of 2nd period - Derick Brassard wins face-off versus Alexander Ovechkin in neutral zone.
14:25 of 2nd period - Snap shot by Derick Brassard.
14:25 of 2nd period - Shot Blocked by Alexander Ovechkin.
14:27 of 2nd period - Slapshot by Ole-Kristian Tollefsen.
14:27 of 2nd period - Deflect By Niclas Bergfors.
14:27 of 2nd period - Stopped by Kari Lehtonen without a rebound.
14:28 of 2nd period - Derick Brassard wins face-off versus Joe Thornton in Predators zone.
14:31 of 2nd period - Wrist shot by Niclas Bergfors.
14:31 of 2nd period - Stopped by Kari Lehtonen without a rebound.
14:32 of 2nd period - Joe Thornton wins face-off versus Mats Sundin in Predators zone.
15:38 of 2nd period - Snap shot by Alexander Ovechkin.
15:38 of 2nd period - Stopped by Ty Conklin with a rebound.
15:42 of 2nd period - Slapshot by Alexander Ovechkin.
15:42 of 2nd period - Shot Misses the Net.
15:54 of 2nd period - Slapshot by Kyle Calder.
15:54 of 2nd period - Stopped by Kari Lehtonen without a rebound.
15:55 of 2nd period - Mike Cammalleri wins face-off versus Mats Sundin in Predators zone.
16:12 of 2nd period - Snap shot by Jean-Pierre Dumont.
16:12 of 2nd period - Stopped by Ty Conklin with a rebound.
16:20 of 2nd period - Snap shot by Mike Cammalleri.
16:20 of 2nd period - Stopped by Ty Conklin with a rebound.
16:22 of 2nd period - Snap shot by Mike Cammalleri.
16:22 of 2nd period - Stopped by Ty Conklin with a rebound.
16:24 of 2nd period - Wrist shot by Keith Tkachuk.
16:24 of 2nd period - Shot Blocked by Jason Smith.
16:26 of 2nd period - Slapshot by Ryan Mcdonagh.
16:26 of 2nd period - Shot Misses the Net.
16:36 of 2nd period - Slapshot by Mike Cammalleri.
16:36 of 2nd period - Stopped by Ty Conklin with a rebound.
17:00 of 2nd period - Slapshot by Kyle Calder.
17:00 of 2nd period - Stopped by Kari Lehtonen without a rebound.
17:01 of 2nd period - Derick Brassard wins face-off versus Joe Thornton in Predators zone.
17:02 of 2nd period - Wrist shot by Niclas Bergfors.
17:02 of 2nd period - Shot Misses the Net.
17:04 of 2nd period - Slapshot by Johnny Boychuk.
17:04 of 2nd period - Stopped by Kari Lehtonen without a rebound.
17:05 of 2nd period - Derick Brassard wins face-off versus Alexander Ovechkin in Predators zone.
17:18 of 2nd period - Slapshot by Niclas Bergfors.
17:18 of 2nd period - Shot Misses the Net.
18:15 of 2nd period - Wrist shot by Niclas Bergfors.
18:15 of 2nd period - Stopped by Kari Lehtonen with a rebound.
18:45 of 2nd period - Slapshot by Alexander Edler.
18:45 of 2nd period - Shot Misses the Net.
19:37 of 2nd period - Wrist shot by Boyd Devereaux.
19:37 of 2nd period - Shot Misses the Net.
19:39 of 2nd period - Slapshot by Richard Zednik.
19:39 of 2nd period - Shot Misses the Net.
19:41 of 2nd period - Snap shot by Curtis Glencross.
19:41 of 2nd period - Stopped by Kari Lehtonen without a rebound.
19:42 of 2nd period - Mike Cammalleri wins face-off versus Derick Brassard in Predators zone.
Goals for this period are 1 for Sabres vs 1 for Predators.
Shots for this period are 20 for Sabres vs 9 for Predators.
3rd period
0:01 of 3rd period - Derick Brassard wins face-off versus Joe Thornton in neutral zone.
0:31 of 3rd period - Slapshot by Ryan Hollweg.
0:31 of 3rd period - Stopped by Kari Lehtonen without a rebound.
0:32 of 3rd period - Alexander Steen wins face-off versus Mats Sundin in Predators zone.
0:32 of 3rd period - Alexander Steen is hit by Ole-Kristian Tollefsen.
0:40 of 3rd period - Slapshot by Kurtis Foster.
0:40 of 3rd period - Shot Hit the Post.
0:42 of 3rd period - Slapshot by Kurtis Foster.
0:42 of 3rd period - Shot Blocked by Ole-Kristian Tollefsen.
0:44 of 3rd period - Wrist shot by Ryan Mcdonagh.
0:44 of 3rd period - Stopped by Ty Conklin with a rebound.
0:46 of 3rd period - Backhand shot by Mike Cammalleri.
0:46 of 3rd period - Deflect By Jean-Pierre Dumont.
0:46 of 3rd period - Shot Misses the Net.
0:46 of 3rd period - Puck is out of play.
0:47 of 3rd period - Derick Brassard wins face-off versus Joe Thornton in Sabres zone.
0:47 of 3rd period - Derick Brassard is hit by Kurtis Foster.
0:53 of 3rd period - Ryan Mcdonagh is hit by Jason Smith and loses puck.
1:04 of 3rd period - Wrist shot by Alexander Ovechkin.
1:04 of 3rd period - Shot Misses the Net.
1:14 of 3rd period - Steve Downie is hit by Jean-Pierre Dumont and loses puck.
1:52 of 3rd period - Snap shot by Peter Prucha.
1:52 of 3rd period - Shot Misses the Net.
2:11 of 3rd period - Slapshot by Boyd Devereaux.
2:11 of 3rd period - Stopped by Kari Lehtonen without a rebound.
2:12 of 3rd period - Mike Cammalleri wins face-off versus Derick Brassard in Predators zone.
2:31 of 3rd period - Barret Jackman is hit by Derick Brassard and loses puck.
3:27 of 3rd period - Wrist shot by Alexander Steen.
3:27 of 3rd period - Stopped by Ty Conklin without a rebound.
3:28 of 3rd period - Mats Sundin wins face-off versus Joe Thornton in Sabres zone.
3:28 of 3rd period - Mats Sundin is hit by Joe Thornton.
3:37 of 3rd period - Mats Sundin is hit by Robyn Regehr.
4:37 of 3rd period - Double Minor Penalty to Michael Grabner for Slashing.
4:38 of 3rd period - Derick Brassard wins face-off versus Mike Cammalleri in Predators zone.
5:02 of 3rd period - Johnny Boychuk is hit by Mike Cammalleri and loses puck.
5:43 of 3rd period - Ryan Mcdonagh is hit by Derick Brassard and loses puck.
6:42 of 3rd period - Rob Niedermayer is hit by Mats Sundin and loses puck.
7:22 of 3rd period - Icing by Curtis Glencross.
7:23 of 3rd period - Boyd Devereaux wins face-off versus Alexander Steen in Sabres zone.
7:34 of 3rd period - Slapshot by Kurtis Foster.
7:34 of 3rd period - Shot Blocked by Steve Downie.
8:37 of 3rd period - Penalty to Michael Grabner is over, Michael Grabner is back on ice.
9:03 of 3rd period - Snap shot by Oleg Saprykin.
9:03 of 3rd period - Stopped by Ty Conklin without a rebound.
9:04 of 3rd period - Dominic Moore wins face-off versus Rob Niedermayer in Sabres zone.
9:35 of 3rd period - Wrist shot by Curtis Glencross.
9:35 of 3rd period - Shot Misses the Net.
9:53 of 3rd period - Snap shot by Mike Cammalleri.
9:53 of 3rd period - Shot Misses the Net.
9:55 of 3rd period - Snap shot by Mike Cammalleri.
9:55 of 3rd period - Stopped by Ty Conklin with a rebound.
10:01 of 3rd period - Minor Penalty to Ryan Hollweg for Tripping.
10:02 of 3rd period - Dominic Moore wins face-off versus Joe Thornton in Sabres zone.
12:01 of 3rd period - Penalty to Ryan Hollweg is over, Ryan Hollweg is back on ice.
12:13 of 3rd period - Icing by Kurtis Foster.
12:14 of 3rd period - Derick Brassard wins face-off versus Rob Niedermayer in Predators zone.
12:38 of 3rd period - Snap shot by Mikael Samuelsson.
12:38 of 3rd period - Stopped by Ty Conklin with a rebound.
13:38 of 3rd period - Snap shot by Barret Jackman.
13:38 of 3rd period - Shot Blocked by Niclas Bergfors.
13:46 of 3rd period - Snap shot by Derick Brassard.
13:46 of 3rd period - Stopped by Kari Lehtonen without a rebound.
13:47 of 3rd period - Rob Niedermayer wins face-off versus Mats Sundin in Predators zone.
14:57 of 3rd period - Icing by Paul Mara.
14:58 of 3rd period - Mats Sundin wins face-off versus Rob Niedermayer in Predators zone.
14:59 of 3rd period - Snap shot by Steve Downie.
14:59 of 3rd period - Shot Misses the Net.
15:21 of 3rd period - Slapshot by Alexander Steen.
15:21 of 3rd period - Shot Blocked by Johnny Boychuk.
15:51 of 3rd period - Wrist shot by Derick Brassard.
15:51 of 3rd period - Stopped by Kari Lehtonen without a rebound.
15:52 of 3rd period - Joe Thornton wins face-off versus Derick Brassard in Predators zone.
16:26 of 3rd period - Slapshot by Johnny Boychuk.
16:26 of 3rd period - Deflect By Peter Prucha.
16:26 of 3rd period - Stopped by Kari Lehtonen without a rebound.
16:27 of 3rd period - Derick Brassard wins face-off versus Rob Niedermayer in Predators zone.
16:31 of 3rd period - Minor Penalty to Oleg Saprykin for Hooking.
16:32 of 3rd period - Derick Brassard wins face-off versus Mike Cammalleri in Predators zone.
16:42 of 3rd period - Icing by Craig Rivet.
16:43 of 3rd period - Derick Brassard wins face-off versus Mike Cammalleri in Sabres zone.
16:58 of 3rd period - Snap shot by Niclas Bergfors.
16:58 of 3rd period - Goal by Niclas Bergfors - Sabres : 3 - Predators : 1.
16:59 of 3rd period - Mike Cammalleri wins face-off versus Dominic Moore in neutral zone.
17:15 of 3rd period - Snap shot by James Neal.
17:15 of 3rd period - Shot Misses the Net.
17:35 of 3rd period - Wrist shot by Niclas Bergfors.
17:35 of 3rd period - Stopped by Kari Lehtonen with a rebound.
17:47 of 3rd period - Wrist shot by Steve Downie.
17:47 of 3rd period - Shot Blocked by Rob Niedermayer.
18:12 of 3rd period - Slapshot by Ryan Mcdonagh.
18:12 of 3rd period - Stopped by Ty Conklin without a rebound.
18:13 of 3rd period - Mike Cammalleri wins face-off versus Derick Brassard in Sabres zone.
18:14 of 3rd period - Snap shot by Jean-Pierre Dumont.
18:14 of 3rd period - Goal by Jean-Pierre Dumont - Sabres : 3 - Predators : 2.
18:15 of 3rd period - Mike Cammalleri wins face-off versus James Neal in neutral zone.
19:11 of 3rd period - Predators, Kari Lehtonen is pulled from the net.
19:24 of 3rd period - Off-side.
19:25 of 3rd period - John Tortorella call a timeout for Predators.
19:25 of 3rd period - Boyd Devereaux wins face-off versus Joe Thornton in neutral zone.
19:25 of 3rd period - Boyd Devereaux is hit by Alexander Ovechkin.
19:49 of 3rd period - Snap shot by Joe Thornton.
19:49 of 3rd period - Shot Misses the Net.
Goals for this period are 1 for Sabres vs 1 for Predators.
Shots for this period are 7 for Sabres vs 7 for Predators.
Output by the SimonT Hockey Simulator (STHS) for François Prévost -- Original Page W3C XHTML 1.0 Valid